SL
RICHARDSON CITY THUNDERCATS @ BROOKLYN DODGERS
09/14/2033
 
TOP OF THE 1ST
Richardson City Thundercats batting - Pitching for Brooklyn Dodgers : RHP Hiro Kurasawa
Pitching: RHP Hiro Kurasawa
Batting: LHB Ashley Thachi 0-0: Called Strike
0-1: Ground out 3-1 (Groundball, 34S)
Batting: RHB Anselmo Berneu 0-0: Called Strike
0-1: Ball
1-1: Foul Ball, location: 2F
1-2: Ball
2-2: Fly out, F8 (Flyball, 8RM)
Batting: LHB Juan Jose Hernández 0-0: Ball
1-0: Swinging Strike
1-1: Foul Ball, location: 2F
1-2: SOLO HOME RUN (Flyball, 9LD), Distance : 354 ft
Batting: LHB Juan Macíel 0-0: Ball
1-0: Called Strike
1-1: Fly out, F8 (Flyball, 8RXD)
Top of the 1st over - 1 run, 1 hit, 0 errors, 0 left on base; Richardson City 1 - Brooklyn 0
BOTTOM OF THE 1ST
Brooklyn Dodgers batting - Pitching for Richardson City Thundercats : LHP Bartolomeu Lio
Pitching: LHP Bartolomeu Lio
Batting: SHB Félix Medina 0-0: Ball
1-0: Ball
2-0: Called Strike
2-1: Ball
3-1: Base on Balls
Batting: LHB Mike Gillespie 0-0: Ball
Wild Pitch!
Félix Medina to second
1-0: Foul Ball, location: 2F
1-1: Ball
2-1: Foul Ball, location: 2F
2-2: Ball
3-2: Base on Balls
Batting: RHB Ilkka Haapajarvi 0-0: Called Strike
0-1: Ball
1-1: Called Strike
Félix Medina steals 3rd base
Mike Gillespie to second
1-2: Fly out, F5 (Line Drive, 5)
Batting: RHB Oliver Aranda 0-0: SINGLE (Groundball, 6D)
Félix Medina scores
Mike Gillespie to third
Runner from 3rd tries for Home, throw and OUT!
Batting: LHB Jérôme Masson 0-0: Called Strike
0-1: Called Strike
Throwing error on steal attempt, E2
Oliver Aranda to third
0-2: Ball
1-2: Ball
2-2: Fly out, F8 (Line Drive, 89M)
Bottom of the 1st over - 1 run, 1 hit, 1 error, 1 left on base; Richardson City 1 - Brooklyn 1
TOP OF THE 2ND
Richardson City Thundercats batting - Pitching for Brooklyn Dodgers : RHP Hiro Kurasawa
Batting: RHB Manuel Ramos 0-0: Ball
1-0: Ball
2-0: Foul Ball, location: 2F
2-1: Fly out, F9 (Flyball, 9)
Batting: LHB Kazuyoshi Hasegawa 0-0: Called Strike
0-1: Ground out U3 (Groundball, 3)
Batting: RHB Tomás Martínez 0-0: Foul Ball, location: 2F
0-1: Swinging Strike
0-2: Ball
1-2: SINGLE (Groundball, 6MD)
Batting: LHB Eduardo Álvarez 0-0: Ball
1-0: Ball
2-0: Foul Ball, location: 2F
2-1: Ball
3-1: Base on Balls
Tomás Martínez to second
Batting: RHB Felipe Campos 0-0: Ball
1-0: Ball
2-0: Called Strike
2-1: Foul Ball, location: 2F
2-2: Ball
3-2: Base on Balls
Tomás Martínez to third
Eduardo Álvarez to second
Batting: LHB Ashley Thachi 0-0: Ball
1-0: Called Strike
1-1: Swinging Strike
1-2: Foul Ball, location: 2F
1-2: Strikes out swinging
Top of the 2nd over - 0 runs, 1 hit, 0 errors, 3 left on base; Richardson City 1 - Brooklyn 1
BOTTOM OF THE 2ND
Brooklyn Dodgers batting - Pitching for Richardson City Thundercats : LHP Bartolomeu Lio
Batting: LHB Hugh Hill 0-0: Foul Ball, location: 2F
0-1: Ball
1-1: Foul Ball, location: 2F
1-2: Ground out U3 (Groundball, 3L)
Batting: LHB Yannick Hendriksen 0-0: Swinging Strike
0-1: Fly out, F9 (Line Drive, 9)
Batting: RHB Ethan Miller 0-0: Swinging Strike
0-1: Called Strike
0-2: Ball
1-2: Strikes out looking
Bottom of the 2nd over - 0 runs, 0 hits, 0 errors, 0 left on base; Richardson City 1 - Brooklyn 1
TOP OF THE 3RD
Richardson City Thundercats batting - Pitching for Brooklyn Dodgers : RHP Hiro Kurasawa
Batting: RHB Anselmo Berneu 0-0: Ball
1-0: Ball
2-0: Fly out, F9 (Flyball, 9D)
Batting: LHB Juan Jose Hernández 0-0: Ball
1-0: Called Strike
1-1: Ball
2-1: Swinging Strike
2-2: Foul Ball, location: 2F
2-2: Foul Ball, location: 2F
2-2: Fly out, F7 (Flyball, 7LSF)
Batting: LHB Juan Macíel 0-0: Ball
1-0: Fly out, F7 (Line Drive, 8LS)
Top of the 3rd over - 0 runs, 0 hits, 0 errors, 0 left on base; Richardson City 1 - Brooklyn 1
BOTTOM OF THE 3RD
Brooklyn Dodgers batting - Pitching for Richardson City Thundercats : LHP Bartolomeu Lio
Batting: LHB Avon Barksdale 0-0: Ball
1-0: Ball
2-0: Foul Ball, location: 2F
2-1: Foul Ball, location: 2F
2-2: Foul Ball, location: 2F
2-2: Ground out 4-3 (Groundball, 4)
Batting: SHB Félix Medina 0-0: Called Strike
0-1: Ground out 5-3 (Groundball, 56S)
Batting: LHB Mike Gillespie 0-0: Called Strike
0-1: Ball
1-1: Foul Ball, location: 2F
1-2: Ball
2-2: Foul Ball, location: 2F
2-2: Foul Ball, location: 2F
2-2: Ground out 1-3 (Groundball, 13S)
Bottom of the 3rd over - 0 runs, 0 hits, 0 errors, 0 left on base; Richardson City 1 - Brooklyn 1
TOP OF THE 4TH
Richardson City Thundercats batting - Pitching for Brooklyn Dodgers : RHP Hiro Kurasawa
Batting: RHB Manuel Ramos 0-0: SOLO HOME RUN (Flyball, 9D), Distance : 390 ft
Batting: LHB Kazuyoshi Hasegawa 0-0: Ground out 4-3 (Groundball, 34)
Batting: RHB Tomás Martínez 0-0: Called Strike
0-1: Swinging Strike
0-2: Strikes out swinging
Batting: LHB Eduardo Álvarez 0-0: Ball
1-0: Ball
2-0: Foul Ball, location: 2F
2-1: Ball
3-1: Called Strike
3-2: Strikes out swinging
Top of the 4th over - 1 run, 1 hit, 0 errors, 0 left on base; Richardson City 2 - Brooklyn 1
BOTTOM OF THE 4TH
Brooklyn Dodgers batting - Pitching for Richardson City Thundercats : LHP Bartolomeu Lio
Batting: RHB Ilkka Haapajarvi 0-0: Ball
1-0: Foul Ball, location: 2F
1-1: SINGLE (Line Drive, 56D)
Batting: RHB Oliver Aranda 0-0: Ball
1-0: Called Strike
1-1: 2-RUN HOME RUN (Flyball, 7LD), Distance : 347 ft
Batting: LHB Jérôme Masson 0-0: Swinging Strike
0-1: Ball
1-1: Ground out 5-3 (Groundball, 56)
Batting: LHB Hugh Hill 0-0: Ball
1-0: SINGLE (Groundball, 4D)
Batting: LHB Yannick Hendriksen 0-0: Ball
1-0: Swinging Strike
1-1: Fly out, F9 (Flyball, 9S)
Batting: RHB Ethan Miller 0-0: Ball
1-0: Ball
2-0: Called Strike
2-1: Ball
3-1: Fly out, F7 (Flyball, 7S)
Bottom of the 4th over - 2 runs, 3 hits, 0 errors, 1 left on base; Richardson City 2 - Brooklyn 3
TOP OF THE 5TH
Richardson City Thundercats batting - Pitching for Brooklyn Dodgers : RHP Hiro Kurasawa
Batting: RHB Felipe Campos 0-0: Called Strike
0-1: Ball
1-1: Ball
2-1: Called Strike
2-2: SINGLE (Groundball, 34D)
Batting: LHB Ashley Thachi 0-0: Sac Bunt - play at first, batter OUT! U3
Felipe Campos to second
Batting: RHB Anselmo Berneu 0-0: Ball
Wild Pitch!
Felipe Campos to third
1-0: Ball
Wild Pitch!
Felipe Campos scores
2-0: SINGLE (Groundball, 56D)
Batting: LHB Juan Jose Hernández 0-0: Ball
1-0: Ball
2-0: Swinging Strike
2-1: Ball
3-1: Base on Balls
Anselmo Berneu to second
Batting: LHB Juan Macíel 0-0: Ball
1-0: Ball
2-0: Ball
3-0: Base on Balls
Anselmo Berneu to third
Juan Jose Hernández to second
Batting: RHB Manuel Ramos 0-0: SINGLE (Line Drive, 56)
Anselmo Berneu scores
Juan Jose Hernández to third
Juan Macíel to second
Batting: LHB Kazuyoshi Hasegawa 0-0: Foul Ball, location: 2F
0-1: Called Strike
0-2: Ball
1-2: Strikes out swinging
Batting: RHB Tomás Martínez 0-0: Swinging Strike
0-1: Fielders Choice at 2nd, 5-4 (Groundball, 5)
Top of the 5th over - 2 runs, 3 hits, 0 errors, 3 left on base; Richardson City 4 - Brooklyn 3
BOTTOM OF THE 5TH
Brooklyn Dodgers batting - Pitching for Richardson City Thundercats : LHP Bartolomeu Lio
Batting: LHB Avon Barksdale 0-0: Ball
1-0: Ball
2-0: Called Strike
2-1: Foul Ball, location: 2F
2-2: Fly out, F9 (Flyball, 89D)
Batting: SHB Félix Medina 0-0: Called Strike
0-1: Foul Ball, location: 2F
0-2: Ground out 4-3 (Groundball, 4S)
Batting: LHB Mike Gillespie 0-0: Swinging Strike
0-1: Foul Ball, location: 2F
0-2: Ground out U3 (Groundball, 3)
Bottom of the 5th over - 0 runs, 0 hits, 0 errors, 0 left on base; Richardson City 4 - Brooklyn 3
TOP OF THE 6TH
Richardson City Thundercats batting - Pitching for Brooklyn Dodgers : RHP Hiro Kurasawa
Batting: LHB Eduardo Álvarez 0-0: Ball
1-0: Ball
2-0: Ball
3-0: Called Strike
3-1: Called Strike
3-2: Strikes out looking
Pitching: RHP Juan Rúbio
Batting: RHB Felipe Campos 0-0: Ground out 4-3 (Groundball, 4M)
Batting: LHB Ashley Thachi 0-0: Called Strike
0-1: Ground out 4-3 (Groundball, 4)
Top of the 6th over - 0 runs, 0 hits, 0 errors, 0 left on base; Richardson City 4 - Brooklyn 3
BOTTOM OF THE 6TH
Brooklyn Dodgers batting - Pitching for Richardson City Thundercats : LHP Bartolomeu Lio
Batting: RHB Ilkka Haapajarvi 0-0: Ball
1-0: Ball
2-0: Ball
3-0: Base on Balls
Batting: RHB Oliver Aranda 0-0: Foul Ball, location: 2F
0-1: Called Strike
0-2: Strikes out swinging
Batting: LHB Jérôme Masson 0-0: Ball
Ilkka Haapajarvi is caught stealing 2nd base
1-0: Ball
2-0: Reached via error on a dropped throw, E1
Batting: LHB Hugh Hill 0-0: Foul Ball, location: 2F
0-1: Swinging Strike
0-2: Ground out 4-3 (Groundball, 34)
Bottom of the 6th over - 0 runs, 0 hits, 1 error, 1 left on base; Richardson City 4 - Brooklyn 3
TOP OF THE 7TH
Richardson City Thundercats batting - Pitching for Brooklyn Dodgers : RHP Juan Rúbio
Batting: RHB Anselmo Berneu 0-0: Foul Ball, location: 2F
0-1: Ball
1-1: Ball
2-1: Called Strike
2-2: Foul Ball, location: 2F
2-2: Ball
3-2: Base on Balls
Batting: LHB Juan Jose Hernández 0-0: Called Strike
0-1: Ball
1-1: SINGLE (Groundball, 25) (infield hit)
Anselmo Berneu to second
Batting: LHB Juan Macíel 0-0: Swinging Strike
0-1: Ball
1-1: Ball
2-1: Fly out, F8 (Flyball, 8RD)
Batting: RHB Manuel Ramos 0-0: Ball
1-0: Called Strike
1-1: Foul Ball, location: 2F
1-2: Foul Ball, location: 2F
1-2: SINGLE (Line Drive, 34D)
Anselmo Berneu to third
Juan Jose Hernández to second
Batting: LHB Kazuyoshi Hasegawa 0-0: SINGLE (Groundball, 34D)
Anselmo Berneu scores
Juan Jose Hernández to third
Manuel Ramos to second
Batting: RHB Tomás Martínez 0-0: Ball
1-0: Ball
2-0: Called Strike
2-1: Fly out, F8 (Flyball, 8RXD)
Runner from 3rd tags up, SCORES, no throw
Manuel Ramos to third
Batting: LHB Eduardo Álvarez 0-0: Foul Ball, location: 2F
0-1: Foul Ball, location: 2F
0-2: Foul Ball, location: 2F
0-2: Foul Ball, location: 2F
0-2: Ball
1-2: Ball
2-2: Ball
3-2: Fly out, F8 (Flyball, 8LXD)
Top of the 7th over - 2 runs, 3 hits, 0 errors, 2 left on base; Richardson City 6 - Brooklyn 3
BOTTOM OF THE 7TH
Brooklyn Dodgers batting - Pitching for Richardson City Thundercats : LHP Bartolomeu Lio
Batting: LHB Yannick Hendriksen 0-0: Called Strike
0-1: Ball
1-1: Swinging Strike
1-2: Ball
2-2: Fly out, F9 (Flyball, 9S)
Batting: RHB Ethan Miller 0-0: Called Strike
0-1: Fly out, F8 (Flyball, 8LD)
Batting: LHB Avon Barksdale 0-0: Ball
1-0: Called Strike
1-1: Ball
2-1: Called Strike
2-2: Strikes out swinging
Bottom of the 7th over - 0 runs, 0 hits, 0 errors, 0 left on base; Richardson City 6 - Brooklyn 3
TOP OF THE 8TH
Richardson City Thundercats batting - Pitching for Brooklyn Dodgers : RHP Juan Rúbio
Batting: RHB Felipe Campos 0-0: Ball
1-0: Fly out, F1 (Popup, P)
Batting: LHB Ashley Thachi 0-0: Foul Ball, location: 2F
0-1: Called Strike
0-2: Strikes out looking
Batting: RHB Anselmo Berneu 0-0: Ball
1-0: Fly out, F4 (Popup, 4M)
Top of the 8th over - 0 runs, 0 hits, 0 errors, 0 left on base; Richardson City 6 - Brooklyn 3
BOTTOM OF THE 8TH
Brooklyn Dodgers batting - Pitching for Richardson City Thundercats : LHP Bartolomeu Lio
Batting: SHB Félix Medina 0-0: Ball
1-0: Ball
2-0: SINGLE (Groundball, 4D)
Batting: LHB Mike Gillespie 0-0: Called Strike
0-1: Swinging Strike
0-2: Ground out 4-3 (Groundball, 4MD)
Félix Medina to second
Pitching: LHP Gustavo Tobías
Batting: RHB Ilkka Haapajarvi 0-0: Ground out 5-3 (Groundball, 5)
Batting: RHB Oliver Aranda 0-0: Ball
1-0: Foul Ball, location: 2F
1-1: Ground out 1-3 (Groundball, 13)
Bottom of the 8th over - 0 runs, 1 hit, 0 errors, 1 left on base; Richardson City 6 - Brooklyn 3
TOP OF THE 9TH
Richardson City Thundercats batting - Pitching for Brooklyn Dodgers : RHP Juan Rúbio
Batting: LHB Juan Jose Hernández 0-0: Foul Ball, location: 2F
0-1: Ball
1-1: Ball
2-1: Swinging Strike
2-2: Ground out U3 (Groundball, 34)
Batting: LHB Juan Macíel 0-0: Ball
1-0: Ground out 1-3 (Groundball, 15S)
Batting: RHB Manuel Ramos 0-0: Called Strike
0-1: Foul Ball, location: 2F
0-2: Ball
1-2: Ground out 1-3 (Groundball, 15S)
Top of the 9th over - 0 runs, 0 hits, 0 errors, 0 left on base; Richardson City 6 - Brooklyn 3
BOTTOM OF THE 9TH
Brooklyn Dodgers batting - Pitching for Richardson City Thundercats : LHP Gustavo Tobías
Batting: LHB Jérôme Masson 0-0: Ball
1-0: Foul Ball, location: 2F
1-1: Ground out 4-3 (Groundball, 34D)
Batting: LHB Hugh Hill 0-0: Foul Ball, location: 2F
0-1: Ball
1-1: Ball
2-1: Ball
3-1: Base on Balls
Batting: LHB Yannick Hendriksen 0-0: Ball
1-0: Called Strike
1-1: Foul Ball, location: 2F
1-2: Grounds into double play, 4-3-6 (Groundball, 34)
Bottom of the 9th over - 0 runs, 0 hits, 0 errors, 0 left on base; Richardson City 6 - Brooklyn 3
Saturday, December 22nd, 2018 - OOTP Baseball 18.8 Build 76